 Dungeon Crawl Stone Soup version 0.30.1-11-g7821555f0a (webtiles) character file.

Game seed: 8857707276329085725

269 Chiseanne the Trooper (level 6, 40/48 HPs)
             Began as a Demonspawn Wanderer on Nov 17, 2023.
             Quit the game on level 3 of the Dungeon.
             The game lasted 00:03:27 (2183 turns).

Chiseanne the Trooper (Demonspawn Wanderer)         Turns: 2183, Time: 00:03:27

Health: 40/48      AC: 32    Str: 19    XL:     6   Next: 1%
Magic:  7/7        EV:  3    Int: 12    God:
Gold:   111        SH:  0    Dex: 15    Spells: 7/7 levels left

rFire   + . .        a - +3 short sword
rCold   . . .        (no shield)
rNeg    . . .        o - +11 crystal plate armour "Siwi" {rF+}
rPois   .            g - +2 helmet
rElec   .            (no cloak)
rCorr   .            q - +0 pair of gloves
SInv    .            b - +0 pair of boots
Will    .....        (no amulet) Stlth
                     l - +6 ring of strength
HPRegen 0.28/turn    (no ring)
MPRegen 0.20/turn

%: no passive effects
@: hasted, very quick
A: magic regeneration, sanguine armour 2, demonic touch 1
a: no special abilities


You were on level 3 of the Dungeon.
You visited 1 branch of the dungeon, and saw 3 of its levels.

You collected 111 gold pieces.

Inventory:

Hand Weapons
 a - a +3 short sword (weapon)
Missiles
 f - 55 stones
 k - 6 boomerangs
Armour
 b - a +0 pair of boots (worn)
 g - a +2 helmet (worn)
 o - the +11 crystal plate armour "Siwi" (worn) {rF+}
   (You acquired it on level 3 of the Dungeon)

   rF:        It protects you from fire.
 q - a +0 pair of gloves (worn)
Jewellery
 j - a ring of see invisible
 l - a +6 ring of strength (left hand)
Wands
 d - a wand of flame (20)
Scrolls
 h - a scroll of blinking
 p - a scroll of amnesia
Potions
 e - a potion of mutation {unknown}
 i - a potion of curing {unknown}
 m - 2 potions of heal wounds {unknown}
 n - a potion of magic {unknown}
 r - a potion of brilliance {unknown}
 s - a potion of cancellation {unknown}


   Skills:
 * Level 4.0 Fighting
 - Level 1.7 Short Blades
 * Level 2.8 Armour
 * Level 3.1 Dodging
 - Level 1.0 Stealth
 - Level 1.0 Spellcasting
 - Level 1.7 Earth Magic
 - Level 1.0 Evocations


You had 7 spell levels left.
You didn't know any spells.
Your spell library contained the following spells:

 Spells                   Type           Power      Damage    Failure   Level
 Magic Dart               Conj           0%         1d3       100%        1
 Sandblast                Erth           8%         2d5       100%        1
 Shock                    Conj/Air       0%         1d3       100%        1
 Call Imp                 Summ           0%         N/A       100%        2
 Mephitic Cloud           Conj/Pois/Air  0%         N/A       100%        3
 Stone Arrow              Conj/Erth      4%         3d7       100%        3
 Swiftness                Air            0%         N/A       100%        3
 Airstrike                Air            0%         2d(0-16)  100%        4


Dungeon Overview and Level Annotations

Branches:
Dungeon (3/15)

Altars:
Cheibriados


Innate Abilities, Weirdness & Mutations

You regenerate magic rapidly.
When seriously injured, your blood forms thick armour. (AC +0)
Your touch may inflict minor irresistible damage on your foes.


Message History

Sigmund is lightly wounded.
Sigmund hits you but does no damage.
You hit Sigmund but do no damage.
Sigmund is lightly wounded.
You hit Sigmund.
Sigmund is moderately wounded.
Sigmund mumbles some strange words.
Sigmund flickers and vanishes!
Deactivating autopickup; reactivate with Ctrl-A.
You miss something. You hit something.
You hear some strange, mumbled words.
A puff of flame appears from out of thin air!
The puff of flame hits you but does no damage.
You hit something. You hit something. Something hits you!
You miss something. You barely miss something.
You hear some strange, mumbled words.
A magic dart appears from out of thin air!
The magic dart hits you but does no damage.
You closely miss something. You hit something.
You hear some strange, mumbled words.
A puff of flame appears from out of thin air!
The puff of flame hits you but does no damage.
You hit something. Something hits you but does no damage.
You hit something.
Reactivating autopickup.
You feel a bit more experienced.
Your Fighting skill increases to level 4!
Your Armour skill increases to level 2!
Your Dodging skill increases to level 3!
You have reached level 5!
You have reached level 6!
Your demonic ancestry asserts itself...
Your hands begin to faintly glow with unholy energy.
Things that are here:
a +0 scythe; a +0 robe; the human corpse of Sigmund Are you sure you want to abandon this character and quit the game? (Confirm with "yes".)

?........##
..###....###...
#####........####.#.##
#... #..@#####.......#
#### #.........##....#
#...####..#.###.# ###
...## #..#.# #.# #..
... #..#.###.#####.#
#.##.##........##.....
#....@.........)...#.#
##.#.###.#####.##..#.#
#. #.# #.##....# ..
... #.##.#### ...
##... ..##.#### ...#
#.##. #.##....< #...
... ....####### #.##
#.# .#.#


There were no monsters in sight!

Vanquished Creatures
  Sigmund (D:3)
  Terence (D:3)
  2 adders
  A worm (D:2)
  4 orcs (D:3)
  4 endoplasms (D:2)
  12 giant cockroaches
  4 goblins
  A hobgoblin (D:1)
  A quokka (D:2)
  2 ball pythons
  2 bats (D:2)
  A frilled lizard (D:1)
  8 kobolds
44 creatures vanquished.

Notes
Turn   | Place    | Note
-------+----------+-------------------------------------------
     0 | D:1      | Chiseanne the Demonspawn Wanderer began the quest for the
                  | Orb.
     0 | D:1      | Chiseanne set off with the following items: a +2 short
                  | sword, a +0 pair of boots, a potion of haste, a +0 leather
                  | armour; and the following spell memorised: Sandblast; and
                  | the following spells available to memorise: Stone Arrow.
     0 | D:1      | Reached XP level 1. HP: 16/16 MP: 2/2
   507 | D:1      | Gained mutation: You regenerate magic rapidly. [demonic
                  | ancestry]
   507 | D:1      | Reached XP level 2. HP: 22/22 MP: 3/3
   869 | D:1      | Found a faded altar of an unknown god.
  1221 | D:2      | Reached skill level 1 in Armour
  1433 | D:2      | Gained mutation: When seriously injured, your blood forms
                  | armour. (AC +0) [demonic ancestry]
  1433 | D:2      | Reached XP level 3. HP: 20/28 MP: 4/4
  1880 | D:3      | Noticed Sigmund
  1985 | D:3      | Reached skill level 3 in Fighting
  1995 | D:3      | Found a snail-covered altar of Cheibriados.
  2047 | D:3      | Identified a scroll of acquirement
  2047 | D:3      | Acquired the +11 crystal plate armour "Siwi" {rF+}
  2069 | D:3      | Noticed Terence
  2088 | D:3      | Gained mutation: When seriously injured, your blood forms
                  | thick armour. (AC +0) [demonic ancestry]
  2088 | D:3      | Reached XP level 4. HP: 35/35 MP: 5/5
  2104 | D:3      | Killed Terence
  2181 | D:3      | Killed Sigmund
  2182 | D:3      | Reached skill level 4 in Fighting
  2182 | D:3      | Reached XP level 5. HP: 35/42 MP: 6/6
  2182 | D:3      | Gained mutation: Your touch may inflict minor irresistible
                  | damage on your foes. [demonic ancestry]
  2182 | D:3      | Reached XP level 6. HP: 40/48 MP: 7/7
  2183 | D:3      | Quit the game

Illustrated notes

Levels and vault maps discovered:
D:1:      dpeg_arrival_rooms_c, layout_loops_corners,
          shapermc_ecumenical_altar_ellora
D:2:      minmay_roachtagon, layout_basic, small_statue_intersection,
          wad_floor_pattern_untrapped
D:3:      layout_loops_cross, old_standard_altar, old_standard_altar,
          uniq_grinder, uniq_terence, uniq_sigmund

Skill      XL: |  1  2  3  4 |
---------------+-------------+-----
Armour         | 1 2 |  2.8
Dodging        | 2 3 |  3.1
Fighting       | 3 4 |  4.0
Short Blades   | |  1.7
Stealth        | |  1.0
Spellcasting   | |  1.0
Earth Magic    | |  1.7
Evocations     | |  1.0

Action                     |  1- 3 |  4- 6 || total
---------------------------+-------+-------++-------
  Melee: Short sword       |   164 |    36 ||   200
         Punch             |     1 |       ||     1
    Use: Scroll            |     9 |       ||     9
         Potion            |       |     1 ||     1
   Stab: Sleeping          |     3 |       ||     3
 Armour: Leather armour    |    78 |       ||    78
         Crystal plate arm |     3 |    20 ||    23
  Dodge: Dodged            |   104 |     1 ||   105
